 Dungeon Crawl Stone Soup version 0.17-a0-1515-gfae3d72 (webtiles) character file.

1063 amnekian the Carver (level 8, -2/56 HPs)
             Began as a Human Gladiator on July 12, 2015.
             Killed from afar by Blork the orc (5 damage)
             ... with a puff of flame
             ... on level 4 of the Dungeon.
             The game lasted 00:16:45 (5722 turns).

amnekian the Carver (Human Gladiator)               Turns: 5722, Time: 00:16:45

Health: -2/56      AC:  7    Str: 16    XL:     8   Next: 52%
Magic:  8/8        EV: 14    Int: 15    God:
Gold:   3          SH:  0    Dex: 15    Spells: 0 memorised, 7 levels left

rFire  . . .     SeeInvis .     a - +1 long sword
rCold  . . .     Clarity  .     y - +0 ring mail
rNeg   + . .     SustAt   .     (no shield)
rPois  .         Gourm    .     c - +0 helmet
rElec  .         Spirit   .     (no cloak)
rCorr  .         Warding  .     h - +0 pair of gloves
rMut   .         Stasis   .     (no boots)
MR     .....                    (no amulet)
Stlth  +.........               B - +6 ring of intelligence
                                z - ring of positive energy

@: not resistant to hostile enchantments, very unstealthy
A: no striking features
a: no special abilities


You were on level 4 of the Dungeon.
You were not hungry.

You visited 1 branch of the dungeon, and saw 5 of its levels.

You collected 285 gold pieces.
You spent 282 gold pieces at shops.

Inventory:

Hand weapons
 a - a +1 long sword (weapon)
 b - a +1 dagger of venom
 D - a +1 hunting sling of freezing
Missiles
 v - 96 stones (quivered)
 E - 4 needles of sleeping
Armour
 c - a +0 helmet (worn)
 h - a +0 pair of gloves (worn)
 o - a +0 leather armour
 y - a +0 ring mail (worn)
Jewellery
 u - an uncursed amulet of stasis
 z - a ring of positive energy (left hand)
 B - a +6 ring of intelligence (right hand)
 C - an uncursed ring of ice
Magical devices
 d - a wand of paralysis (12)
 A - a wand of flame (23)
Scrolls
 f - 4 scrolls of teleportation
 F - a scroll of identify
 J - a scroll of blinking {unknown}
Potions
 g - a potion of degeneration {unknown}
 i - a potion of resistance {unknown}
 l - a potion of magic {unknown}
 n - 3 potions of curing
 p - a potion of ambrosia {unknown}
 w - 2 potions of cancellation
 x - 2 potions of mutation
 G - 3 potions of lignification
 H - a potion of heal wounds
 I - a potion of might
Books
 k - a Necronomicon

   Spells                             Type                      Level
   a - Haunt                          Necromancy/Summoning         7
   b - Borgnjor's Revivification      Necromancy                   8
   c - Death's Door                   Charms/Necromancy            8
   d - Necromutation                  Transmutation/Necromancy     8
Comestibles
 e - 6 bread rations
 m - 2 fruits
 q - a royal jelly
 r - 2 meat rations
 s - a beef jerky


   Skills:
 - Level 2.0 Fighting
 - Level 8.0 Long Blades
 - Level 2.0 Throwing
 * Level 6.6 Dodging


You had 7 spell levels left.
You didn't know any spells.

Dungeon Overview and Level Annotations

Branches:
Dungeon (5/15)
 Temple: D:4-7

Altars:
Dithmenos
Gozag
Ru
Trog
The Shining One

Shops:
D:4 !   D:5 =

Annotations:
D:3 amnekian's ghost, weakling DDFi
D:4 Blork the orc


Message History

You hear some strange, mumbled words.
A puff of flame appears from out of thin air!
The puff of flame hits you!
* * * LOW HITPOINT WARNING * * *
Something hits you but does no damage.
Unknown command.
Drink which item? (? for menu, Esc to quit)
You feel better. Something hits you but does no damage.
You hear some strange, mumbled words.
A puff of frost appears from out of thin air!
The puff of frost hits you!
* * * LOW HITPOINT WARNING * * *
A puff of flame appears from out of thin air!
The puff of flame misses you.
A puff of flame appears from out of thin air!
The puff of flame hits you!
* * * LOW HITPOINT WARNING * * *
A puff of flame appears from out of thin air!
The puff of flame hits you!
You die...

........ ..........#
........ ...........#
........ ...........#
........ ...........#
........ ...........#
....................#
............# ............#
........@...# ............#
............########
....................
.......)............
#######[##.#.....[..
#.##.#........
##############.##.#........
#..........................


There were no monsters in sight!

Vanquished Creatures
  Sigmund (D:3)
  A water moccasin (D:5)
  A giant frog (D:5)
  2 scorpions (D:4)
  A crimson imp (D:4)
  A hound (D:4)
  2 centaur skeletons (D:5)
  3 orc wizards
  2 iguanas (D:5)
  2 orc priests
  Natasha (thrice) (D:2 D:3)
  3 worker ants
  A hound skeleton (D:4)
  A worker ant zombie (D:5)
  Robin (D:2)
  4 adders
  An ooze (D:1)
  An adder zombie (D:5)
  A worm (D:3)
  11 orcs
  2 ball pythons
  A bat skeleton (D:5)
  17 goblins
  7 hobgoblins
  14 jackals
  7 kobolds
  20 bats
  4 giant cockroaches
  5 giant geckos
  A giant newt (D:1)
  A quokka (D:5)
  11 rats
133 creatures vanquished.

Notes
Turn   | Place    | Note
--------------------------------------------------------------
     0 | D:1      | amnekian the Human Gladiator began the quest for the Orb.
     0 | D:1      | Reached XP level 1. HP: 16/16 MP: 1/1
    75 | D:1      | Reached XP level 2. HP: 20/22 MP: 2/2
   488 | D:1      | Reached skill level 4 in Long Blades
   488 | D:1      | Reached XP level 3. HP: 20/27 MP: 3/3
  1050 | D:2      | Noticed Robin
  1071 | D:2      | Killed Robin
  1071 | D:2      | Reached XP level 4. HP: 29/33 MP: 4/4
  1230 | D:2      | Found a glowing golden altar of the Shining One.
  1244 | D:2      | Reached skill level 5 in Long Blades
  1287 | D:2      | Found a shadowy altar of Dithmenos.
  1507 | D:2      | Reached XP level 5. HP: 36/38 MP: 5/5
  1526 | D:2      | Noticed Natasha
  1535 | D:2      | Killed Natasha
  1647 | D:2      | Found an opulent altar of Gozag.
  2050 | D:3      | Noticed Natasha
  2060 | D:3      | Killed Natasha
  2060 | D:3      | Reached skill level 6 in Long Blades
  2081 | D:3      | Found a bloodstained altar of Trog.
  2134 | D:3      | Noticed amnekian's ghost (weakling DDFi)
  2245 | D:3      | Noticed Natasha
  2249 | D:3      | Killed Natasha
  2773 | D:3      | Noticed Sigmund
  2801 | D:3      | Killed Sigmund
  2801 | D:3      | Reached skill level 7 in Long Blades
  2801 | D:3      | Reached XP level 6. HP: 13/44 MP: 6/6
  3180 | D:4      | Reached XP level 7. HP: 25/50 MP: 7/7
  3652 | D:4      | Noticed Blork the orc
  3672 | D:5      | Entered Level 5 of the Dungeon
  4125 | D:5      | Found a sacrificial altar of Ru.
  4167 | D:5      | Reached skill level 8 in Long Blades
  4392 | D:5      | Reached XP level 8. HP: 51/56 MP: 8/8
  4619 | D:5      | Reached skill level 5 in Dodging
  4895 | D:4      | Found Usuraan's Distillery.
  4900 | D:4      | Bought a potion of mutation for 30 gold pieces
  4900 | D:4      | Bought a potion of curing for 36 gold pieces
  4900 | D:4      | Bought a potion of curing for 36 gold pieces
  4900 | D:4      | Bought a potion of lignification for 36 gold pieces
  4900 | D:4      | Bought a potion of heal wounds for 60 gold pieces
  4900 | D:4      | Bought a potion of lignification for 36 gold pieces
  4900 | D:4      | Bought a potion of might for 48 gold pieces
  5413 | D:5      | Found Uskew's Jewellery Emporium.
  5711 | D:4      | HP: 2/56 [something (8)]
  5717 | D:4      | HP: 1/56 [something/puff of flame (9)]
  5722 | D:4      | Killed from afar by Blork the orc

Vault maps used:
D:1:      onia_arrival_handbag
D:2:      grunt_gozag_statues, nicolae_dithmenos_shadow_blocks,
          nicolae_overflow_hidden_temple, first_bread, feat_on_display,
          uniq_natasha, uniq_robin
D:3:      bloody_trog, uniq_sigmund
D:4:      serial_shops, shop, uniq_blork_the_orc
D:5:      nicolae_overflow_crystal_walls, serial_shops, shop, amethyst_killhole

Action                   |  1- 3 |  4- 6 |  7- 9 || total
-------------------------+-------+-------+-------++-------
Melee: Long sword        |   138 |   143 |   169 ||   450
       Dagger            |       |       |    49 ||    49
Throw: Throwing net      |     1 |     3 |       ||     4
       Stone             |       |       |    10 ||    10
Evoke: Wand              |       |       |     1 ||     1
  Use: Scroll            |       |     5 |     1 ||     6
       Potion            |       |       |     4 ||     4
 Stab: Held in net/web   |     1 |     2 |       ||     3
  Eat: Chunk             |     1 |     6 |     7 ||    14
       Beef jerky        |       |       |     1 ||     1
